 Dungeon Crawl Stone Soup version 0.28-a0-834-g1a73be5ee4 (webtiles) character file.

Game seed: 2503883183372121710

196 Crownlay the Digger (level 5, -2/28 HPs)
             Began as a Gargoyle Earth Elementalist on Nov 11, 2021.
             Killed by divine providence
             ... invoked by an orc priest
              (10 damage)
             ... on level 4 of the Dungeon.
             The game lasted 00:03:56 (3390 turns).

Crownlay the Digger (Gargoyle Earth Elementalist)   Turns: 3390, Time: 00:03:57

Health: -2/28      AC:  6    Str: 12    XL:     5   Next: 75%
Magic:  1/11       EV: 11    Int: 16    God:
Gold:   215        SH:  0    Dex: 10    Spells: 9/13 levels left

rFire   . . .      SeeInvis .   a - +0 club
rCold   . . .      Faith    .   (no shield)
rNeg    + . .      Spirit   .   b - +0 robe
rPois   ∞          Reflect  .   (no helmet)
rElec   +          Harm     .   (no cloak)
rCorr   .          Rampage  .   (no gloves)
Will    .....                   (no boots)
Stlth   ++........              (no amulet)
HPRegen 0.09/turn               (no ring)
MPRegen 0.12/turn               (no ring)

@: no status effects
A: sickness immunity, AC +4, negative energy resistance 1, electricity
resistance, torment resistance 1, petrification resistance
a: no special abilities


You were on level 4 of the Dungeon.
You visited 1 branch of the dungeon, and saw 4 of its levels.

You collected 215 gold pieces.

Inventory:

Hand Weapons
 a - a +0 club (weapon)
Missiles
 c - 87 stones
Armour
 b - a +0 robe (worn)
Scrolls
 d - a scroll of teleportation {unknown}
 i - a scroll of fog {unknown}
 j - a scroll of summoning {unknown}
 l - a scroll of identify
 m - a scroll of enchant armour {unknown}
 o - a scroll of noise {unknown}
Potions
 e - 4 potions of flight
 f - a potion of haste {unknown}
 g - 2 potions of curing
 h - a potion of berserk rage {unknown}
 k - 2 potions of heal wounds
 n - a potion of degeneration {unknown}
 p - a potion of resistance {unknown}


   Skills:
 - Level 1.5 Dodging
 - Level 2.1 Stealth
 * Level 4.5 Spellcasting
 - Level 0.7 Transmutations
 + Level 5.2 Earth Magic


You had 9 spell levels left.
You knew the following spells:

 Your Spells              Type           Power      Damage    Failure   Level
a - Sandblast             Erth           40%        2d10      1%          1
b - Stone Arrow           Conj/Erth      22%        3d8       17%         3

Your spell library contained the following spells:

 Spells                   Type           Power      Damage    Failure   Level
 Passwall                 Tmut/Erth      10%        N/A       7%          2
 Petrify                  Tmut/Erth      13%        N/A       43%         4
 Metabolic Englaciation   Hex/Ice        1%         N/A       99%         5
 Statue Form              Tmut/Erth      Unusable   N/A       N/A         6

Dungeon Overview and Level Annotations

Branches:
Dungeon (4/15)
 Temple: D:4-7

Altars:
Makhleb


Innate Abilities, Weirdness & Mutations

You are immune to sickness and miasma.
Your stone body is resilient. (AC +4)
You are immune to poison.
You resist negative energy. (rN+)
You are resistant to electric shocks. (rElec)
You are resistant to unholy torment.
You are immune to petrification.


Message History

Aiming: Stone Arrow (quite dangerous; 17% risk of failure)
Press: ? - help, Shift-Dir - straight line, f - orc
Aim: an orc, wielding a +0 mace (wandering, hasn't noticed you, 68% to hit)
The stone arrow hits the orc!
You kill the orc!
A bullfrog zombie comes into view.
The orc priest miscasts a cantrip.
Casting: Stone Arrow (quite dangerous; 17% risk of failure)
Confirm with . or Enter, or press ? or * to list all spells.
You can't see any susceptible monsters within range! (Use Z to cast anyway.)
There is a stone staircase leading up here.
Casting: Stone Arrow (quite dangerous; 17% risk of failure)
Confirm with . or Enter, or press ? or * to list all spells.
The spell is quite dangerous to cast (17% risk of failure)!
Continue anyway?
Aiming: Stone Arrow (quite dangerous; 17% risk of failure)
Press: ? - help, Shift-Dir - straight line, f - orc warrior
Aim: an orc warrior, wielding a +0 war axe and wearing a +1 chain mail of cold resistance (64% to hit)
The stone arrow misses the orc warrior.
Casting: Stone Arrow (quite dangerous; 17% risk of failure)
Confirm with . or Enter, or press ? or * to list all spells.
The spell is quite dangerous to cast (17% risk of failure)!
Continue anyway?
Aiming: Stone Arrow (quite dangerous; 17% risk of failure)
Press: ? - help, Shift-Dir - straight line, f/p - orc warrior
Aim: an orc warrior, wielding a +0 war axe and wearing a +1 chain mail of cold resistance (64% to hit)
The stone arrow hits the orc warrior!
The orc warrior is heavily wounded.
Casting: Stone Arrow (quite dangerous; 17% risk of failure)
Confirm with . or Enter, or press ? or * to list all spells.
The spell is quite dangerous to cast (17% risk of failure)!
Continue anyway?
Aiming: Stone Arrow (quite dangerous; 17% risk of failure)
Press: ? - help, Shift-Dir - straight line, f/p - orc warrior
Aim: an orc warrior, wielding a +0 war axe and wearing a +1 chain mail of cold resistance (heavily wounded, 64% to hit)
The stone arrow hits the orc warrior.
The orc warrior is severely wounded.
The orc priest mumbles some strange prayers to Beogh against you.
Beogh smites you!
* * * LOW HITPOINT WARNING * * *
The orc priest mumbles some strange prayers to Beogh against you.
Beogh smites you!
You die...

....# #...# ..## #...##
....# ....# #....# #...#
#.... #...# #...#####
#...# #...#..@###...##
###.#..o....#...#
###...............#
###......o..........##
....#................###
##...................#
#....................##
#..o..................#
#.....................##


You could see an orc warrior, an orc priest and an orc.

Vanquished Creatures
  A hound (D:4)
  3 iron imps (D:3)
  2 adders
  3 worms
  A dart slug (D:2)
  2 orcs
  6 ball pythons
  A bat (D:3)
  4 endoplasms
  4 giant cockroaches
  6 hobgoblins
  3 jackals (D:1)
  3 kobolds (D:3)
  3 quokkas
  3 frilled lizards
  6 goblins
51 creatures vanquished.

Notes
Turn   | Place    | Note
-------+----------+-------------------------------------------
     0 | D:1      | Crownlay the Gargoyle Earth Elementalist began the quest
                  | for the Orb.
     0 | D:1      | Reached XP level 1. HP: 10/10 MP: 3/3
    95 | D:1      | Reached XP level 2. HP: 4/15 MP: 3/5
   423 | D:1      | Found a faded altar of an unknown god.
   633 | D:1      | Reached skill level 4 in Earth Magic
  1248 | D:2      | Reached XP level 3. HP: 19/19 MP: 2/7
  2040 | D:3      | Learned a level 3 spell: Stone Arrow
  2090 | D:3      | Reached XP level 4. HP: 24/24 MP: 6/9
  2843 | D:3      | Found a burning altar of Makhleb.
  2978 | D:3      | Reached XP level 5. HP: 19/28 MP: 0/11
  2981 | D:3      | Reached skill level 5 in Earth Magic
  3366 | D:4      | Noticed an orc warrior
  3390 | D:4      | Killed from afar by an orc priest

Illustrated notes

Levels and vault maps discovered:
D:1:      saegor_arrival_simple_b, layout_loops_ring,
          ebering_ecumenical_altar_sacrificial, grunt_decor_one_mirror,
          serial_bayou_pond_e
D:2:      layout_basic
D:3:      layout_basic, demons_altar
D:4:      layout_cave_pods, serial_shops, nicolae_shop_behind_doors, shop,
          minivault_5, nicolae_alphabet_shops, uniq_grinder

Skill      XL: |  1  2  3  4  5 |
---------------+----------------+-----
Earth Magic    | 4 5 |  5.2
Spellcasting   | 3 4 |  4.5
Dodging        | |  1.5
Stealth        | |  2.1
Transmutations | |  0.7

Action                   |  1- 3 |  4- 6 || total
-------------------------+-------+-------++-------
Melee: Unarmed           |    10 |       ||    10
       Club              |    28 |     2 ||    30
 Cast: Sandblast         |    41 |    40 ||    81
       Stone Arrow       |       |     5 ||     5
  Use: Scroll            |       |     3 ||     3
 Stab: Sleeping          |     3 |       ||     3
Armor: Robe              |    17 |     5 ||    22
Dodge: Dodged            |    25 |    13 ||    38

Table legend: (Time is in decaauts)
 A = Elapsed time spent in this place.
 B = Non-inter-level travel time spent in this place.
 C = Inter-level travel time spent in this place.
 D = Time resting spent in this place.
 E = Time spent auto-exploring this place.
 F = Levels seen in this place.
 G = Mean time per level.
                   A        B        C        D        E       F      G
               +--------+--------+--------+--------+--------+-----+--------+
         Total |   3397 |   3329 |     68 |      0 |   2947 |   4 |  849.2 |
       Dungeon |   3397 |   3329 |     68 |      0 |   2947 |   4 |  849.2 |
               +--------+--------+--------+--------+--------+-----+--------+

Top non-repeatable levels by time:
     D:3: 1280 daAuts
     D:1: 1247 daAuts
     D:2: 700 daAuts
     D:4: 168 daAuts
